 Dungeon Crawl Stone Soup version 0.32-a0-607-g64ea0e4219 (webtiles) character file.

Game seed: 8914881146202927821

525 CrazyBamboolord the Shooter (level 7, -1/78 HPs)
             Began as a Demonspawn Wanderer on Mar 4, 2024.
             Was a Believer of Dithmenos.
             Killed from afar by Dowan (11 damage)
             ... with a stone arrow
             ... on level 4 of the Dungeon.
             The game lasted 00:09:23 (2572 turns).

CrazyBamboolord the Shooter (Demonspawn Wanderer)   Turns: 2572, Time: 00:09:24

Health: -1/78      AC:  4    Str:  9    XL:     7   Next: 2%
Magic:  10/10      EV: 12    Int: 13    God:    Dithmenos [**....]
Gold:   226        SH:  0    Dex: 17    Spells: 9/10 levels left

rFire   . . .        a - +0 dagger (venom)
rCold   + . .        (no shield)
rNeg    . . .        w - +1 leather armour {rC+}
rPois   .            (no helmet)
rElec   .            (no cloak)
rCorr   .            (no gloves)
SInv    .            (no boots)
Will    .....        u - amulet of the acrobat Stlth
                     s - ring of wizardry
HPRegen 0.33/turn    z - ring of wizardry
MPRegen 0.12/turn

%: acrobat, wizardry (x2)
@: berserking (expiring), wreathed by umbra, very quick
A: hooves 2, foul shadow 1
a: Renounce Religion, Shadow Step


You were on level 4 of the Dungeon.
You worshipped Dithmenos.
Dithmenos was pleased with you.
You visited 1 branch of the dungeon, and saw 4 of its levels.

You collected 226 gold pieces.

Inventory:

Hand Weapons
 a - a +0 dagger of venom (weapon)
 b - a +2 sling
Armour
 w - a +1 leather armour of cold resistance (worn)
Jewellery
 k - a ring of fire
 s - a ring of wizardry (left hand)
 u - an amulet of the acrobat (around neck)
 y - a ring of flight
 z - a ring of wizardry (right hand)
Wands
 o - a wand of polymorph (5)
Scrolls
 d - 5 scrolls of teleportation
 e - a scroll of acquirement {unknown}
 f - a scroll of immolation {unknown}
 g - 2 scrolls of blinking
 j - a scroll of revelation {unknown}
 l - a scroll of enchant weapon {unknown}
 m - 5 scrolls of identify {unknown}
 n - a scroll of poison {unknown}
 A - a scroll of fog {unknown}
Potions
 c - a potion of berserk rage
 h - a potion of brilliance {unknown}
 i - 2 potions of attraction {unknown}
 p - a potion of heal wounds {unknown}
 q - a potion of magic {unknown}
 r - a potion of resistance {unknown}
 t - a potion of curing
 v - a potion of invisibility {unknown}
 x - a potion of cancellation {unknown}


   Skills:
 + Level 3.0 Fighting
 * Level 2.0 Short Blades
 - Level 3.5 Ranged Weapons
 + Level 2.9 Armour
 + Level 2.7 Dodging
 * Level 3.2 Stealth
 - Level 2.0 Spellcasting
 - Level 1.7 Ice Magic
 - Level 1.0 Evocations


You had 9 spell levels left.
You knew the following spells:

 Your Spells              Type           Power      Damage    Failure   Level
a - Freeze                Ice            20%        1d4       4%          1

Your spell library contained the following spells:

 Spells                   Type           Power      Damage    Failure   Level
 Necrotise                Necr           4%         1d4       10%         1
 Frozen Ramparts          Ice            10%        1d2       13%         3
 Vampiric Draining        Necr           1%         2d6       26%         3
 Martyr's Knell           Necr/Summ      1%         N/A       61%         4
 Curse of Agony           Necr           1%         N/A       90%         5


Dungeon Overview and Level Annotations

Branches:
Dungeon (4/15)
 Temple: D:4-7

Altars:
Dithmenos

Shops:
D:1 ?

Annotations:
D:2 1 runed translucent door, Crazy Yiuf
D:4 Dowan


Innate Abilities, Weirdness & Mutations

You have hoof-like feet.
You are faintly shadowed, very rarely releasing foul flame when damaged in melee.


Message History

Duvessa is moderately wounded.
Duvessa barely misses you.
Dowan smirks and points a slender finger.
Dowan zaps a wand.
The puff of flame hits you!
You hit Duvessa.
Duvessa looks as sick as possible!
Duvessa is heavily wounded.
You hit Duvessa.
Duvessa is severely wounded.
Duvessa hits you with a +0 short sword. Dowan hits you with a +0 dagger.
You barely miss Duvessa.
Duvessa is severely wounded.
Duvessa hits you with a +0 short sword!
Duvessa is seared by the foul flame within you.
You kill Duvessa!
Dithmenos accepts your kill.
Dowan seems overcome with grief.
Dowan seems to find hidden reserves of power!
Dowan hits you but does no damage.
Your Fighting skill increases to level 3!
Your Short Blades skill increases to level 2!
Your Stealth skill increases to level 3!
You have reached level 7!
Your demonic ancestry asserts itself...
Your feet thicken and deform.
You hit Dowan. Your kick misses Dowan.
Dowan is lightly wounded.
You barely miss Dowan.
Dowan is lightly wounded.
Dowan zaps a wand.
The puff of flame hits you.
* * * LOW HITPOINT WARNING * * *
Dowan points at you and mumbles some strange words.
The stone arrow hits you!
* * * LOW HITPOINT WARNING * * *
You miss Dowan. Your kick misses Dowan.
Dowan is lightly wounded.
You hit Dowan.
Dowan is poisoned.
You kick Dowan!
Dowan is severely wounded.
Dowan casts a spell at you. The stone arrow hits you!
You die...

# #.#.#
###.###.####.ß.ß.ß.ß #
#.#.. .... [.# #.ß.ß.ß.ß #
#.#######.##.#.###...ß...ß
# #..
........###...######## #
### ########.#.#### #
##.## #.# #e# #@#
#.).....# #........
##..".... #...#.. #.....
###.. ..


You could see Dowan (fast, very poisoned).

Vanquished Creatures
  Sigmund (D:2)
  Duvessa (D:4)
  A hound (D:4)
  Ijyb (D:3)
  3 orc wizards (D:3)
  6 adders
  2 ribbon worms
  2 dart slugs
  8 orcs
  3 bats
  An endoplasm (D:3)
  5 giant cockroaches
  8 goblins
  5 hobgoblins
  3 jackals (D:2)
  3 quokkas (D:1)
  8 ball pythons
  6 frilled lizards
  7 kobolds
  5 rats
79 creatures vanquished.

Notes
Turn   | Place    | Note
-------+----------+-------------------------------------------
     0 | D:1      | CrazyBamboolord the Demonspawn Wanderer began the quest for
                  | the Orb.
     0 | D:1      | CrazyBamboolord set off with the following items: a +2
                  | sling, a +0 ring mail, a potion of berserk rage; and the
                  | following spell memorised: Freeze; and the following spells
                  | available to memorise: Frozen Ramparts.
     0 | D:1      | Reached XP level 1. HP: 13/13 MP: 3/3
   194 | D:1      | Discovered your monstrous ancestry.
   194 | D:1      | Gained mutation: You have large cloven feet. [demonic
                  | ancestry]
   194 | D:1      | Reached XP level 2. HP: 20/20 MP: 5/5
   195 | D:1      | Found Tomat's Magic Scroll Emporium.
   358 | D:1      | Reached skill level 1 in Fighting
   433 | D:1      | Reached skill level 1 in Dodging
   639 | D:2      | Reached XP level 3. HP: 26/26 MP: 6/6
   810 | D:2      | Found a faded altar of an unknown god.
   834 | D:2      | Got Plato's Compilation of the Morgue
   835 | D:2      | Prayed at the altar of an unknown god.
   835 | D:2      | Became a worshipper of Dithmenos the Shadowed
   835 | D:2      | Reached * piety under Dithmenos
  1005 | D:2      | Noticed Sigmund
  1019 | D:2      | Killed Sigmund
  1020 | D:2      | Gained mutation: You are faintly shadowed, very rarely
                  | releasing foul flame when damaged in melee. [demonic
                  | ancestry]
  1020 | D:2      | Reached XP level 4. HP: 13/34 MP: 7/7
  1020 | D:2      | Reached XP level 5. HP: 15/39 MP: 8/8
  1152 | D:2      | Found a runed translucent door.
  1154 | D:2      | Noticed Crazy Yiuf
  1544 | D:3      | Reached ** piety under Dithmenos
  1687 | D:3      | Noticed Ijyb
  1700 | D:3      | Killed Ijyb
  1701 | D:3      | Reached XP level 6. HP: 41/46 MP: 9/9
  1812 | D:3      | Reached skill level 1 in Short Blades
  2549 | D:4      | Noticed Dowan
  2557 | D:4      | Noticed Duvessa
  2568 | D:4      | Killed Duvessa
  2569 | D:4      | Gained mutation: You have hoof-like feet. [demonic
                  | ancestry]
  2569 | D:4      | Reached XP level 7. HP: 27/52 MP: 10/10
  2572 | D:4      | Killed from afar by Dowan

Illustrated notes

Levels and vault maps discovered:
D:1:      co_arrival_square_in_a_square_in_a_square, layout_rooms, serial_shops,
          shop, minmay_tromino_mix6
D:2:      layout_rooms, shapermc_ecumenical_altar_rom_forum,
          uniq_crazy_yiuf_cottage, uniq_sigmund
D:3:      minmay_bubble_buster, layout_basic, minivault_26,
          hangedman_feature_mirror, uniq_ijyb
D:4:      layout_loops_ring, small_statue_alley_b, uniq_duvessa

Skill      XL: |  1  2  3  4  5  6 |
---------------+-------------------+-----
Fighting       | 1 2 3 |  3.0
Ranged Weapons | 3 |  3.5
Dodging        | 1 2 |  2.7
Armour         | 2 |  2.9
Stealth        | 2 3 |  3.2
Short Blades   | 2 |  2.0
Spellcasting   | |  2.0
Ice Magic      | |  1.7
Evocations     | |  1.0

Action                     |  1- 3 |  4- 6 |  7- 9 || total
---------------------------+-------+-------+-------++-------
  Melee: Dagger            |       |   130 |     4 ||   134
         Kick              |       |    36 |     1 ||    37
         Unarmed           |       |     8 |       ||     8
   Fire: Sling             |   120 |     1 |       ||   121
    Use: Scroll            |     2 |       |       ||     2
         Potion            |     2 |     1 |       ||     3
   Stab: Sleeping          |       |     5 |       ||     5
 Armour: Ring mail         |    66 |    28 |       ||    94
         Leather armour    |       |    41 |     3 ||    44
         Skin              |       |     1 |       ||     1
  Dodge: Dodged            |    40 |    93 |       ||   133

Table legend: (Time is in decaauts)
 A = Elapsed time spent in this place.
 B = Non-inter-level travel time spent in this place.
 C = Inter-level travel time spent in this place.
 D = Time resting spent in this place.
 E = Time spent auto-exploring this place.
 F = Levels seen in this place.
 G = Mean time per level.
                   A        B        C        D        E       F      G
               +--------+--------+--------+--------+--------+-----+--------+
         Total |   2611 |   2439 |    172 |     19 |   1822 |   4 |  652.8 |
       Dungeon |   2611 |   2439 |    172 |     19 |   1822 |   4 |  652.8 |
               +--------+--------+--------+--------+--------+-----+--------+

Top non-repeatable levels by time:
     D:3: 1025 daAuts
     D:2: 788 daAuts
     D:1: 610 daAuts
     D:4: 186 daAuts
